 Dungeon Crawl Stone Soup version 0.31-a0-806-g0bc164a743 (webtiles) character file.

Game seed: 8735461876195889713

60 rjrrt the Chopper (level 4, -4/45 HPs)
             Began as an Ogre Gladiator on Sept 20, 2023.
             Slain by a phantom (5 damage)
             ... on level 2 of the Dungeon.
             The game lasted 00:03:05 (1332 turns).

rjrrt the Chopper (Ogre Gladiator)                  Turns: 1332, Time: 00:03:06

Health: -4/45      AC:  3    Str: 20    XL:     4   Next: 4%
Magic:  4/4        EV: 10    Int:  9    God:
Gold:   85         SH:  0    Dex: 10    Spells: 3/3 levels left

rFire   . . .        a - +0 war axe
rCold   . . .        (no shield)
rNeg    . . .        b - +0 robe
rPois   .            c - +0 hat
rElec   .            (no cloak)
rCorr   .            (gloves unavailable)
SInv    .            (boots unavailable)
Will    .....        (no amulet)
Stlth   +            l - ring of flight
HPRegen 0.27/turn    (no ring)
MPRegen 0.09/turn

%: no passive effects
@: flying
A: large, unfitting armour, tough skin 1
a: no special abilities


You were on level 2 of the Dungeon.
You visited 1 branch of the dungeon, and saw 2 of its levels.

You collected 85 gold pieces.

Inventory:

Hand Weapons
 a - a +0 war axe (weapon)
 k - a +0 spear
Missiles
 d - 3 throwing nets
 e - a large rock
 h - 6 poisoned darts (quivered)
Armour
 b - a +0 robe (worn)
 c - a +0 hat (worn)
Jewellery
 l - a ring of flight (left hand)
Scrolls
 g - a scroll of vulnerability {unknown}
 i - a scroll of immolation {unknown}
 n - 2 scrolls of teleportation {unknown}
 o - a scroll of blinking {unknown}
Potions
 f - a potion of lignification {unknown}
 j - a potion of enlightenment {unknown}
 m - a potion of magic {unknown}


   Skills:
 + Level 3.5 Fighting
 + Level 3.9 Axes
 + Level 2.1 Throwing
 + Level 3.1 Dodging


You had 3 spell levels left.
You didn't know any spells.
Your spell library contained the following spells:

 Spells                   Type           Power      Damage    Failure   Level
 Cigotuvi's Dreadful Rot  Necr/Pois/Air  0%         N/A       52%         2
 Ignite Poison            Fire/Tmut/Pois 0%         N/A       77%         3
 Freezing Cloud           Conj/Ice/Air   0%         6-21      100%        5


Dungeon Overview and Level Annotations

Branches:
Dungeon (2/15)

Altars:


Innate Abilities, Weirdness & Mutations

You are too large for most types of armour.
You have tough skin. (AC +1)


Message History

You are too injured to fight recklessly!
You are too injured to fight recklessly!
You are too injured to fight recklessly!
Unknown command.
You are too injured to fight recklessly!
You are too injured to fight recklessly!
You are too injured to fight recklessly!
Unknown command.
You barely miss the phantom. The phantom closely misses you.
You hit the phantom.
The phantom is lightly damaged.
The phantom barely misses you.
You barely miss the phantom.
The phantom is lightly damaged.
The phantom barely misses you. The phantom hits you.
You slash the phantom!
The phantom is heavily damaged.
The phantom hits you!
* * * LOW HITPOINT WARNING * * *
The phantom blinks!
You blink.
The phantom hits you.
* * * LOW HITPOINT WARNING * * *
The phantom blinks!
You blink.
You barely miss the phantom.
The phantom is heavily damaged.
The phantom hits you.
* * * LOW HITPOINT WARNING * * *
The phantom blinks!
You blink.
You hit the phantom but do no damage.
The phantom is heavily damaged.
The phantom hits you but does no damage.
The phantom closely misses you.
You barely miss the phantom.
The phantom is heavily damaged.
The phantom hits you.
* * * LOW HITPOINT WARNING * * *
You slash the phantom! Your punch misses the phantom.
The phantom is almost destroyed.
The phantom hits you.
You die...

.⌠P~⌠~~..#.......
.......†....####+####
....)...###.#.......#
###.#.#.# #.§≈.≈≈.#
#.#.#.# #.≈!§.§.# ..#
###.#.#.# +.§≈8≈..+ #.#
....#...# #.≈.≈§≈.# #.#
#####..## #.≈≈.≈≈.# #.#
.......# ###..W@...#
#.# ######.#
#.####'#### #.#
#.####.......######.#
#...................###
#######.####.)........#
#†# ####..####.# #.#
#.......##(# #.#
#.......##.# ..#
#.......##.#


You could see a phantom.

Vanquished Creatures
  An adder (D:2)
  3 dart slugs
  An orc (D:2)
  5 endoplasms
  3 giant cockroaches
  A goblin (D:2)
  2 hobgoblins
  2 jackals (D:2)
  2 quokkas
  7 ball pythons
  4 bats (D:1)
  7 frilled lizards
  4 kobolds
  5 rats
47 creatures vanquished.

Notes
Turn   | Place    | Note
-------+----------+-------------------------------------------
     0 | D:1      | rjrrt the Ogre Gladiator began the quest for the Orb.
     0 | D:1      | Reached XP level 1. HP: 22/22 MP: 1/1
   113 | D:1      | Reached XP level 2. HP: 27/29 MP: 2/2
   593 | D:1      | Reached XP level 3. HP: 36/37 MP: 3/3
   700 | D:2      | Found a faded altar of an unknown god.
  1315 | D:2      | Noticed a phantom
  1320 | D:2      | Reached XP level 4. HP: 23/45 MP: 4/4
  1331 | D:2      | HP: 1/45 [phantom (3)]
  1332 | D:2      | Slain by a phantom

Illustrated notes

Levels and vault maps discovered:
D:1:      tarquinn_simple_flora_water_a, layout_basic, chequers_garden
D:2:      layout_loops_ring, shapermc_ecumenical_altar_acropolis,
          kennysheep_generic_room_9

Skill      XL: |  1  2 |
---------------+-------+-----
Dodging        | 3 |  3.1
Fighting       | 3 |  3.5
Axes           | |  3.9
Throwing       | |  2.1

Action                     |  1- 3 |  4- 6 || total
---------------------------+-------+-------++-------
  Melee: War axe           |   127 |    12 ||   139
         Punch             |     1 |       ||     1
 Armour: Robe              |    81 |     9 ||    90
  Dodge: Dodged            |    84 |     7 ||    91

Table legend: (Time is in decaauts)
 A = Elapsed time spent in this place.
 B = Non-inter-level travel time spent in this place.
 C = Inter-level travel time spent in this place.
 D = Time resting spent in this place.
 E = Time spent auto-exploring this place.
 F = Levels seen in this place.
 G = Mean time per level.
                   A        B        C        D        E       F      G
               +--------+--------+--------+--------+--------+-----+--------+
         Total |   1377 |   1373 |      4 |      0 |    943 |   2 |  688.5 |
       Dungeon |   1377 |   1373 |      4 |      0 |    943 |   2 |  688.5 |
               +--------+--------+--------+--------+--------+-----+--------+

Top non-repeatable levels by time:
     D:2: 739 daAuts
     D:1: 638 daAuts
